 Dungeon Crawl Stone Soup version 0.30-a0-137-gd8773701ce (webtiles) character file.

Game seed: 5737759534367119443

3 BigDaddyOpFi the Trooper (level 1, 0/16 HPs)
             Began as an Octopode Fighter on Sept 22, 2022.
             Slain by a goblin
             ... wielding a +0 dagger
              (4 damage)
             ... on level 1 of the Dungeon.
             The game lasted 00:00:09 (68 turns).

BigDaddyOpFi the Trooper (Octopode Fighter)           Turns: 68, Time: 00:00:09

Health: 0/16       AC:  1    Str: 15    XL:     1   Next: 50%
Magic:  1/1        EV: 10    Int: 10    God:
Gold:   0          SH:  4    Dex: 11    Spells: 0/0 levels left

rFire   . . .      SeeInvis .    a - +0 war axe
rCold   . . .      Faith    .    b - +0 buckler
rNeg    . . .      Spirit   .    (helmet restricted)
rPois   .          Reflect  .    (no amulet)
rElec   .          Harm     .    (no ring)
rCorr   .          Rampage  .    (no ring)
Will    .....                    (no ring)
Stlth   ++........               (no ring)
HPRegen 0.05/turn                (no ring)
MPRegen 0.07/turn                (no ring)
                                 (no ring)
                                 (no ring)

@: constricted
A: almost no armour, amphibious, 8 rings, camouflage 1, gelatinous body 1,
(nimble swimmer 1), tentacles
a: no special abilities


You were on level 1 of the Dungeon.
You visited 1 branch of the dungeon, and saw 1 of its levels.

Inventory:

Hand Weapons
 a - a +0 war axe (weapon)
Armour
 b - a +0 buckler (worn)
Potions
 c - a potion of might
 d - a potion of curing {unknown}


   Skills:
 + Level 3.1 Fighting
 + Level 2.0 Axes
 + Level 3.0 Dodging
 + Level 3.0 Shields


You couldn't memorise any spells.
You didn't know any spells.
Your spell library contained the following spells:

 Spells                   Type           Power      Damage    Failure   Level
 Necrotise                Necr           0%         1d4       45%         1
 Vampiric Draining        Necr           0%         2d6       83%         3
 Agony                    Necr           0%         N/A       100%        5


Dungeon Overview and Level Annotations

Branches:
Dungeon (1/15)

Altars:


Innate Abilities, Weirdness & Mutations

You cannot wear most types of armour.
You are amphibious.
You can wear up to eight rings at the same time.
Your skin changes colour to match your surroundings (Stealth+).
Your rubbery body absorbs attacks. (AC +1, EV +1)
((You are camouflaged when in or above water. (Stealth+)))
You have tentacles for arms and can constrict up to eight enemies at once.


Message History

A rat comes into view.
You hit the rat but do no damage. You grab the rat. You constrict the rat.
You kill the rat!
No target in view!
Found a robe.
You pick up a book of Necromancy and begin reading...
You add the spells Necrotise, Vampiric Draining and Agony to your library.
A kobold comes into view. It is wielding a +0 short sword.
The kobold shouts!
You hear a shout!
A kobold is nearby!
A goblin and a quokka come into view.
The quokka moves out of view.
A ball python comes into view.
The kobold hits you with a +0 short sword.
The ball python hisses angrily.
You slash the kobold!
You kill the kobold!
You hear a shout!
A goblin comes into view. It is wielding a +0 dagger.
You closely miss the goblin. You grab the goblin. You squeeze the goblin.
You kill the goblin!
You block the ball python's attack. The ball python closely misses you.
You see here a +0 dagger.
You barely miss the ball python. Your grab misses the ball python.
You hit the quokka. The quokka barely misses you. The ball python bites you.
The ball python grabs you. The ball python constricts you.
The quokka bites you.
You are too injured to fight recklessly!
You are too injured to fight recklessly!
You miss the quokka. Your grab misses the quokka.
Your squeeze misses the quokka.
The quokka is almost dead.
You barely miss the ball python.
The ball python bites you but does no damage.
The ball python constricts you. The quokka completely misses you.
An endoplasm comes into view.
The ball python barely misses you. The ball python constricts you.
* * * LOW HITPOINT WARNING * * *
The quokka barely misses you. The goblin hits you with a +0 dagger.
You die...

...............
..................
...................
........^..........
J....[...............
.....................
......Sg..............
......r@..#...........
.......).............#
.######+##...........#
##.......... #######
##.........
#..#..##.##.#.#####
#.#####.##.#...#
##...##.#.#...#
#.'##.#.#.#.#.#


You could see an endoplasm (wandering), a quokka, a goblin and a ball python.

Vanquished Creatures
  A goblin (D:1)
  A kobold (D:1)
  A rat (D:1)
3 creatures vanquished.

Notes
Turn   | Place    | Note
-------+----------+-------------------------------------------
     0 | D:1      | BigDaddyOpFi the Octopode Fighter began the quest for the
                  | Orb.
     0 | D:1      | Reached XP level 1. HP: 16/16 MP: 1/1
    68 | D:1      | Slain by a goblin

Illustrated notes

Levels and vault maps discovered:
D:1:      evilmike_arrival_rings, layout_rooms,
          shapermc_ecumenical_altar_totnotflames, minmay_hexomino_r4

Action                   || total
-------------------------++-------
Melee: War axe           ||     5
       Constrict         ||     2
       Tentacles         ||     1
Armor: Skin              ||     1
Dodge: Dodged            ||     5
Block: Buckler           ||     1

Table legend: (Time is in decaauts)
 A = Elapsed time spent in this place.
 B = Non-inter-level travel time spent in this place.
 C = Inter-level travel time spent in this place.
 D = Time resting spent in this place.
 E = Time spent auto-exploring this place.
 F = Levels seen in this place.
 G = Mean time per level.
                   A        B        C        D        E       F      G
               +--------+--------+--------+--------+--------+-----+--------+
         Total |     69 |     69 |      0 |      0 |     51 |   1 |   69.0 |
       Dungeon |     69 |     69 |      0 |      0 |     51 |   1 |   69.0 |
               +--------+--------+--------+--------+--------+-----+--------+

Top non-repeatable levels by time:
     D:1: 69 daAuts
